 Dungeon Crawl Stone Soup version 0.15-a0-1506-g1b030bc (console) character file.

382 Jaguar the Gouger (level 6, 0/28 HPs)
             Began as a Felid Fighter on June 14, 2014.
             Slain by haldagan's ghost (14 damage)
             ... on Level 4 of the Dungeon.
             The game lasted 00:11:47 (2471 turns).

Jaguar the Gouger (Felid Fighter)                   Turns: 2471, Time: 00:11:47

HP   0/28        AC  2     Str 14      XL: 6   Next: 47%
MP  10/10        EV 19     Int 10      God:
Gold 172         SH  0     Dex 15      Spells:  0 memorised,  5 levels left
Lives: 0, deaths: 1

rFire  . . .     SeeInvis +       - Unarmed
rCold  . . .     Clarity  .     (armour unavailable)
rNeg   . . .     rCorr    .     (shield unavailable)
rPois  .         rRot     .     (helmet unavailable)
rElec  .         Spirit   .     (cloak unavailable)
SustAb .         Warding  .     (gloves unavailable)
rMut   .         Stasis   .     (boots unavailable)
Gourm  .                        (no amulet)
MR     .....                    (no ring)
                                (no ring)

@: very slightly contaminated, hasted, very quick, not resistant to hostile
enchantments, unstealthy
A: paw claws, no armour, no weapons or thrown items, fangs 3, see invisible,
carnivore 3, speed 1, shaggy fur 2, slow metabolism 1, jump 2
a: Jump Attack


You were on level 4 of the Dungeon.
You were full.

You visited 1 branch of the dungeon, and saw 4 of its levels.
You also visited: Ossuary.

You collected 172 gold pieces.

Inventory:

Comestibles
 d - 4 meat rations
 f - a beef jerky
 o - a slice of pizza
Scrolls
 a - 3 scrolls of teleportation {unknown}
 b - a scroll of blinking {unknown}
 c - 4 scrolls of remove curse {unknown}
 g - a scroll of noise {unknown}
 h - 2 scrolls of identify {unknown}
 j - a scroll of recharging {unknown}
 k - a scroll of enchant weapon I {unknown}
 l - a scroll of fog {unknown}
 m - 3 scrolls of enchant weapon II {unknown}
Potions
 i - a potion of curing
 n - a potion of haste


   Skills:
 - Level 3.0 Fighting
 - Level 4.0 Dodging
 + Level 8.2 Unarmed Combat


You had 5 spell levels left.
You didn't know any spells.

Dungeon Overview and Level Annotations

Branches:
Dungeon (4/15)
 Temple: D:4-7

Altars:
Gozag
Kikubaaqudgha
Makhleb
Okawaru
Vehumet
Xom
Zin

Annotations:
D:4 Menkaure; haldagan's ghost, average DsFi


Innate Abilities, Weirdness & Mutations

You cannot wear armour.
You are incapable of wielding weapons or throwing items.
Your paws have sharp claws.
You have razor-sharp teeth.
You have supernaturally acute eyesight.
You are carnivorous and can eat meat at any time.
You cover ground quickly.
You are covered in thick fur (AC +2).
You have a slow metabolism.
You can jump attack at a medium distance.


Message History

Haldagan's ghost completely misses you.
You closely miss haldagan's ghost.
Haldagan's ghost is heavily damaged.
Menkaure is no longer moving quickly.
The rat bites you.
You scratch haldagan's ghost but do no damage.
Haldagan's ghost is heavily damaged.
Haldagan's ghost hits you!
Ouch! That really hurt!
The rat misses you.
You scratch haldagan's ghost but do no damage.
Haldagan's ghost is heavily damaged.
You scratch haldagan's ghost but do no damage.
Haldagan's ghost is heavily damaged.
Haldagan's ghost hits you but does no damage.
The rat barely misses you.
You scratch haldagan's ghost but do no damage.
Haldagan's ghost is heavily damaged.
Haldagan's ghost hits you!
Ouch! That really hurt!
You die...

.## #..#####%.###.###.# ##
#.............# #.#
##............# #)#
#####.#.###### #.# .....#
#.# ###.### #.# #l# #.#
### #W# ##.# ..# #@# #..#
#.## #.# ###r### #.##
....###.# #.lM..# ##.#
....)...###.###.######.#.#
#............#
#.......###.#
...###.r###.###.####.##
#.# . #..# #.........##
#.# . #.r# ##########.##
## # #. #..# #..#


You could see Menkaure, haldagan's ghost, 2 giant newts and a rat.

Vanquished Creatures
  A sky beast (D:4)
  2 elf zombies (Ossuary)
  A hound (D:4)
  Ijyb (D:3)
  3 mummies
  6 adders
  A worm (D:3)
  2 adder zombies (Ossuary)
  An adder skeleton (D:4)
  An ooze (D:2)
  3 orcs (D:3)
  10 bats
  3 giant cockroaches
  5 goblins
  5 hobgoblins
  2 jackals (D:4)
  4 giant newts
  2 goblin zombies (Ossuary)
  12 hobgoblin zombies
  A jackal zombie (Ossuary)
  6 kobolds
  A kobold skeleton (D:3)
  12 kobold zombies
  6 orc zombies (Ossuary)
  13 rats
  A rat skeleton (D:4)
  2 rat zombies (Ossuary)
107 creatures vanquished.

Notes
Turn   | Place    | Note
--------------------------------------------------------------
     0 | D:1      | Jaguar, the Felid Fighter, began the quest for the Orb.
     0 | D:1      | Reached XP level 1. HP: 10/10 MP: 2/2
   136 | D:1      | Reached XP level 2. HP: 12/14 MP: 3/3
   228 | D:1      | Upgraded the game from 0.15-a0-1485-g692b94f to 0.15-a0-1506-g1b030bc
   351 | D:2      | Found a burning altar of Makhleb.
   354 | D:2      | Found a shimmering altar of Xom.
   515 | D:2      | Reached skill level 5 in Unarmed Combat
   515 | D:2      | Reached XP level 3. HP: 14/17 MP: 5/5
   546 | D:3      | Noticed Ijyb
   562 | D:3      | Killed Ijyb
   627 | D:3      | Found an ancient bone altar of Kikubaaqudgha.
   676 | D:3      | Found a glowing silver altar of Zin.
   679 | D:3      | Reached XP level 4. HP: 21/21 MP: 7/7
   772 | D:4      | Noticed haldagan's ghost (average DsFi)
   947 | D:3      | Reached skill level 6 in Unarmed Combat
   964 | D:3      | Found an opulent altar of Gozag.
  1095 | D:3      | Found an iron altar of Okawaru.
  1256 | D:2      | Found a radiant altar of Vehumet.
  1510 | D:4      | Reached XP level 5. HP: 20/24 MP: 8/8
  1536 | D:4      | Found a sand-covered staircase.
  1591 | Ossuary  | Entered an ossuary
  1861 | Ossuary  | Slain by an elf zombie
  1862 | Ossuary  | Reached XP level 4. HP: -3/21 MP: 7/7
  1885 | Ossuary  | Reached skill level 7 in Unarmed Combat
  1885 | Ossuary  | Reached XP level 5. HP: 2/24 MP: 8/8
  2188 | D:4      | Gained mutation: You are covered in thick fur (AC +2). [growing up]
  2188 | D:4      | Gained mutation: You can jump attack at a medium distance. [growing up]
  2188 | D:4      | Reached XP level 6. HP: 16/28 MP: 10/10
  2370 | D:4      | Noticed a sky beast
  2398 | D:4      | Killed a sky beast
  2398 | D:4      | Reached skill level 8 in Unarmed Combat
  2437 | D:4      | Noticed Menkaure
  2471 | D:4      | Slain by haldagan's ghost

Action                   |  1- 3 |  4- 6 || total
-------------------------+-------+-------++-------
Melee: Unarmed           |    83 |   239 ||   322
  Use: Potion            |       |     5 ||     5
 Stab: Sleeping          |     3 |     5 ||     8
       Distracted        |     1 |       ||     1
